 Dungeon Crawl Stone Soup version 0.24.0-1-gfbc8707 (webtiles) character file.

Game seed: 18180856866377592474, levelgen mode: deterministic

246215 TheDoctor the Eclecticist (level 18, -3/178 HPs)
             Began as a Deep Elf Fire Elementalist on Nov 3, 2019.
             Was the Champion of Vehumet.
             Slain by a +3 glaive of flaming (6 damage)
             ... on level 2 of the Elven Halls.
             The game lasted 02:54:32 (53485 turns).

TheDoctor the Eclecticist (DEFE)                   Turns: 53485, Time: 02:54:32

Health: -3/178     AC: 33    Str:  5    XL:     18   Next: 78%
Magic:  22/68      EV:  2    Int: 29    God:    Vehumet [******]
Gold:   2044       SH:  5    Dex: 15    Spells: 13/57 levels left

rFire    . . .     SeeInvis .   l - staff of power
rCold    . . .     Gourm    +   I - +0 buckler
rNeg     + + +     Faith    .   (armour currently unavailable)
rPois    +         Spirit   .   (helmet currently unavailable)
rElec    .         Reflect  .   (cloak currently unavailable)
rCorr    .         Harm     .   (gloves currently unavailable)
MR       +....     NoTele   +   (boots currently unavailable)
Stlth    ++++......             z - amulet of the gourmand
HPRegen  0.39/turn              t - ring of magical power
MPRegen  0.41/turn              V - +4 ring of protection

@: tree-form
A: no striking features
}: 2/15 runes: serpentine, barnacled
a: Renounce Religion


You were on level 2 of the Elven Halls.
You worshipped Vehumet.
Vehumet was exalted by your worship.
You were completely stuffed.
You were a tree.
You visited 7 branches of the dungeon, and saw 32 of its levels.
You also visited: Gauntlet.

You collected 3217 gold pieces.
You spent 1173 gold pieces at shops.

Inventory:

Hand Weapons
 y - the +3 war axe of Understanding {chop, +Blink rElec rC+ rN+}
   (You found it on level 11 of the Dungeon)

   It inflicts extra damage upon your enemies.
   It protects you from cold.
   It insulates you from electricity.
   It protects you from negative energy.
   It lets you blink.
 T - the +0 falchion "Ilalat" {vamp, rC- Str-2 Int+8 SInv}
   (You found it on level 13 of the Dungeon)

   It inflicts no extra harm, but heals its wielder when it wounds a living foe.
   It affects your strength (-2).
   It affects your intelligence (+8).
   It makes you vulnerable to cold.
   It lets you see invisible.
Armour
 a - a +0 helmet of see invisible (melded)
 q - a +0 cloak (melded)
 B - a +2 robe of fire resistance
 C - a +0 pair of boots (melded)
 I - a +0 buckler (worn)
 L - the +3 leather armour of the Princess (melded) {rElec MP+9 Dex+2}
   (You found it on level 6 of the Dungeon)

   It affects your dexterity (+2).
   It insulates you from electricity.
   It affects your magic capacity (+9).
Magical Staves
 l - an uncursed staff of power (weapon)
Jewellery
 k - an uncursed ring of protection from fire
 o - the amulet "Nosuhu" {RegenMP MR+}
   (You found it in a Gauntlet)

   [amulet of magic regeneration]

   It increases your magic regeneration.
   It affects your resistance to hostile enchantments.
 t - a ring of magical power (left branch)
 w - an uncursed ring of fire
 z - an amulet of the gourmand (around neck)
 M - the ring "Hiorakh" {Ice rElec Str+5 Dex+4 Slay-2}
   (You found it on level 13 of the Dungeon)

   [ring of ice]

   It enhances your ice magic.
   It affects your strength (+5).
   It affects your dexterity (+4).
   It affects your accuracy and damage with ranged weapons and melee attacks
   (-2).
   It makes you vulnerable to fire.
   It protects you from cold.
   It insulates you from electricity.
 P - an uncursed ring of protection from magic
 R - the amulet "Veirui" {Faith Str+8 Int+3}
   (You took it off a centaur warrior on level 13 of the Dungeon)

   [amulet of faith]

   It allows you to gain divine favour quickly.
   It affects your strength (+8).
   It affects your intelligence (+3).
 V - a +4 ring of protection (right branch)
Wands
 g - a wand of iceblast (12)
 n - a wand of random effects (17)
 v - a wand of digging (4)
 J - a wand of acid (38)
 S - a wand of clouds (4)
Scrolls
 b - 3 scrolls of fear
 d - 14 scrolls of remove curse
 e - a scroll of amnesia
 i - 3 scrolls of torment
 p - 2 scrolls of summoning
 s - 6 scrolls of immolation
 u - 6 scrolls of magic mapping
 A - 15 scrolls of teleportation
 Z - a scroll of noise {unknown}
Potions
 f - 5 potions of brilliance
 h - 11 potions of curing
 j - 6 potions of magic
 m - a potion of flight
 r - a potion of might
 E - 2 potions of resistance
 G - a potion of agility
 H - 2 potions of haste
 K - 2 potions of ambrosia
 U - 2 potions of cancellation
 W - 4 potions of lignification
Comestibles
 c - 59 rations


   Skills:
 - Level 15.0 Fighting
 - Level 5.1 Armour
 - Level 10.0 Dodging
 - Level 10.0 Stealth
 - Level 4.2 Shields
 - Level 20.0 Spellcasting
 + Level 15.5 Conjurations
 - Level 5.0 Necromancy
 - Level 10.0 Fire Magic
 - Level 6.0 Ice Magic
 - Level 10.0 Air Magic
 - Level 6.0 Poison Magic


You had 13 spell levels left.
You knew the following spells:

 Your Spells              Type           Power        Failure   Level  Hunger
a - Glaciate              Conj/Ice       #######...   97%         9    ######.
b - Throw Flame           Conj/Fire      ######       0%          2    None
c - Conjure Flame         Conj/Fire      #######.     0%          3    None
d - Sticky Flame          Conj/Fire      #######.     1%          4    None
e - Fireball              Conj/Fire      #######...   1%          5    None
f - Airstrike             Air            ######....   1%          4    None
g - Poison Arrow          Conj/Pois      #######...   1%          6    None
h - Bolt of Draining      Conj/Necr      ######....   1%          5    None
i - Bolt of Cold          Conj/Ice       #######...   1%          6    None

Your spell library contained the following spells:

 Spells                   Type           Power        Failure   Level  Hunger
 Chain Lightning          Conj/Air       #######...   13%         8    #####..
 Fire Storm               Conj/Fire      #######...   83%         9    ######.
 Flame Tongue             Conj/Fire      #####        0%          1    None
 Magic Dart               Conj           ####         0%          1    None
 Iskenderun's Mystic Bla  Conj           #######.     0%          4    None
 Beastly Appendage        Tmut           ####..       1%          1    None
 Freeze                   Ice            ####         1%          1    None
 Summon Butterflies       Summ           ####....     1%          1    None
 Blink                    Tloc           N/A          1%          2    None
 Call Imp                 Summ           ####....     1%          2    None
 Slow                     Hex            ####....     1%          2    None
 Sticks to Snakes         Tmut           ####....     1%          2    None
 Throw Frost              Conj/Ice       ######       1%          2    None
 Inner Flame              Hex/Fire       ######..     1%          3    None
 Mephitic Cloud           Conj/Pois/Air  ######..     1%          3    None
 Ozocubu's Armour         Chrm/Ice       #####...     1%          3    None
 Spider Form              Tmut/Pois      #####.....   1%          3    None
 Stone Arrow              Conj/Erth      ######       1%          3    None
 Throw Icicle             Conj/Ice       #######.     1%          4    None
 Irradiate                Conj/Tmut      ######....   1%          5    None
 Bolt of Fire             Conj/Fire      #######...   1%          6    None
 Ice Form                 Ice/Tmut       #####...     3%          4    None
 Summon Ice Beast         Ice/Summ       #####...     3%          4    None
 Call Canine Familiar     Summ           ####....     4%          3    None
 Cause Fear               Hex            ####......   13%         4    None
 Blade Hands              Tmut           ####......   36%         5    None
 Summon Mana Viper        Hex/Summ       ####....     36%         5    None
 Dragon Form              Tmut           ####......   100%        7    ###....
 Summon Hydra             Summ           ####......   100%        7    ###....
 Dragon's Call            Summ           ####......   100%        9    ######.


Dungeon Overview and Level Annotations

Branches:
Dungeon (15/15)            Temple (1/1) D:6            Lair (4/6) D:8
 Shoals (4/4) Lair:2        Snake (4/4) Lair:3          Orc (2/2) D:9
    Elf (2/3) Orc:2        Vaults (0/5) D:14         Depths (0/5) D:15
Gauntlet (visited)

Altars:
Cheibriados
Fedhas
Hepliaklqana
Nemelex Xobeh
Qazlal
Ru
Sif Muna
Trog
Uskayaw
Vehumet
Xom
Yredelemnul
Beogh

Shops:
D:8 ?   Orc:1 (   Orc:2 *(([*[[   Shoals:4 (   Snake:1 (   Snake:2 *

Annotations:
D:4 2 transporters, taoistronin's ghost, amateur MiBe


Message History

Unknown command.
Casting: Airstrike (safe; 1% risk of failure)
Confirm with . or Enter, or press ? or * to list all spells.
Okay, then.
Unknown command.
Unknown command.
Unknown command.
Unknown command.
Unknown command.
Unknown command.
Really quaff the potion of lignification?
You turn into a tree.
Your +0 cloak melds into your body.
Your +0 helmet of see invisible melds into your body.
Your +0 pair of boots melds into your body.
The +3 leather armour of the Princess {rElec MP+9 Dex+2} melds into your body.
You feel less perceptive.
Your roots penetrate the ground.
The +3 glaive of flaming hits you from afar!
* * * LOW HITPOINT WARNING * * *
The +3 glaive of flaming burns you.
You die...

.## # ##...# # #.... #
.... # #.### # #..(#
##...### # #......# ##
##'♣..#.###########.
##(#...............(#
#)##'#..##########.##
......)###.#..#..#..#..#.#
....... #.##.#.....#.(#.#
......( #.##.#..#..'..#)#
!.?..... #.##)#######..#)#
........
#.##)....).'..))##
.☼......
#.##.......'..'.'.


You could see a +3 glaive of flaming.

Vanquished Creatures
  Bai Suzhen (Snake:4)
  Vashnia (Snake:4)
  A deep elf blademaster (Elf:2)
  Polyphemus (Shoals:3)
  Donald (Elf:1)
  6 nagarajas
  Aizul (Snake:4)
  A stone giant (Orc:2)
  A deep elf annihilator (Elf:1)
  A minotaur (Gauntlet)
  A deep elf death mage (Elf:2)
  3 merfolk javelineers
  Snorg (D:13)
  8 merfolk impalers
  An ogre mage (D:13)
  10 naga warriors
  8 merfolk aquamancers
  4 merfolk avatars
  5 two-headed ogres
  2 death knights
  12 anacondas
  3 hydras
  2 catoblepae
  10 death yaks
  2 alligator snapping turtles
  2 queen ants
  2 satyrs (Shoals:2)
  6 centaur warriors
  6 dancing weapons
  An orc high priest (Elf:1)
  5 shock serpents
  16 naga sharpshooters
  Nergalle (Lair:3)
  Urug (Lair:3)
  6 deep elf knights
  A fire crab (shapeshifter) (D:15)
  A salamander mystic (Snake:4)
  22 sea snakes
  5 naga ritualists
  5 unseen horrors
  10 deep elf archers
  2 necromancers
  2 orc knights
  A wizard (Elf:1)
  A wolf spider zombie (D:13)
  15 harpies
  A wolf spider (Gauntlet)
  3 orc sorcerers
  10 mana vipers
  9 ugly things
  3 cyclopes
  12 manticores
  20 deep elf magi
  A moth of wrath (Gauntlet)
  7 fauns
  9 salamanders
  5 centaur zombies
  10 merfolk sirens
  Maurice (D:10)
  15 naga magi
  6 water nymphs
  8 guardian serpents
  40 black mambas
  2 gargoyles
  9 spiny frogs
  2 centaur skeletons
  A kobold demonologist (D:11)
  A komodo dragon (shapeshifter) (D:13)
  6 komodo dragons
  3 efreet
  3 meliai (D:15)
  A tengu conjurer (D:14)
  A queen bee (D:10)
  8 trolls
  37 merfolk
  20 blink frogs
  Grinder (D:6)
  A hornet (D:13)
  8 slime creatures
  9 wind drakes
  4 snapping turtles (Shoals:4)
  7 hippogriffs
  2 air elementals
  A shadow (D:11)
  2 wyverns
  A centaur simulacrum (D:15)
  6 redbacks
  15 water elementals
  A wraith (D:14)
  A hungry ghost (D:15)
  21 yaks
  2 fire elementals
  Grum (D:8)
  16 humans (D:14)
  8 vampire mosquitoes
  48 nagas
  13 soldier ants
  2 wargs
  7 water moccasins
  An acid dragon (D:12)
  Duvessa (D:4)
  8 porcupines
  43 orc warriors
  4 sky beasts
  8 ice beasts
  A black bear (Lair:3)
  5 necrophages (D:11)
  9 wolves
  5 phantoms
  11 ogres
  7 boggarts
  29 centaurs
  5 crocodiles
  2 big kobolds
  13 bullfrogs
  An earth elemental (Elf:1)
  Dowan (D:4)
  A hornet simulacrum (D:15)
  5 scorpions
  37 killer bees
  28 wights
  2 howler monkeys
  8 crimson imps
  A quasit (D:9)
  4 bullfrog zombies
  9 jellies
  11 orc priests
  7 hounds
  3 bullfrog skeletons
  3 iguanas
  20 orc wizards
  30 worker ants
  Natasha (thrice) (D:3)
  A hell rat (D:8)
  3 hound skeletons
  3 mummies (D:11)
  3 worker ant zombies
  3 gnolls (D:6)
  2 river rats (D:8)
  11 adders
  3 shadow imps
  7 oozes
  An adder zombie (D:5)
  2 worms
  3 dart slugs (D:2)
  4 leopard geckos
  84 orcs
  3 ball pythons
  17 bats
  3 giant cockroaches
  7 hobgoblins
  8 jackals
  10 quokkas
  2 frilled lizards (D:2)
  6 goblins
  A jackal skeleton (D:6)
  2 jackal zombies
  20 kobolds
  A leopard gecko zombie (D:7)
  9 rats
  3 plants
1177 creatures vanquished.

Vanquished Creatures (others)
  A naga (Snake:4)
  22 fungi
  19 plants
42 creatures vanquished.

Grand Total: 1219 creatures vanquished

Notes
Turn   | Place    | Note
-------+----------+-------------------------------------------
     0 | D:1      | TheDoctor the Deep Elf Fire Elementalist began the quest
                  | for the Orb.
     0 | D:1      | Reached XP level 1. HP: 10/10 MP: 6/6
   330 | D:1      | Reached XP level 2. HP: 15/15 MP: 2/8
  1048 | D:1      | Learned a level 2 spell: Throw Flame
  1115 | D:2      | Reached XP level 3. HP: 19/19 MP: 6/9
  1733 | D:2      | Reached XP level 4. HP: 24/24 MP: 6/11
  1973 | D:2      | Learned a level 3 spell: Conjure Flame
  1978 | D:2      | Learned a level 4 spell: Sticky Flame
  2202 | D:3      | Noticed Natasha
  2215 | D:3      | Killed Natasha
  2215 | D:3      | Reached skill level 4 in Spellcasting
  2521 | D:3      | Noticed Natasha
  2523 | D:3      | Killed Natasha
  2523 | D:3      | Reached XP level 5. HP: 28/28 MP: 8/13
  2636 | D:3      | Reached skill level 5 in Fire Magic
  2991 | D:3      | Noticed Natasha
  2995 | D:3      | Killed Natasha
  3059 | D:4      | Noticed a +0 hand axe
  3059 | D:4      | Noticed a +0 dagger
  3059 | D:4      | Noticed Duvessa
  3059 | D:4      | Noticed Dowan
  3199 | D:4      | Identified the +11 spear "Newtbane" {venom, rElec}
  3226 | D:4      | Reached XP level 6. HP: 28/32 MP: 9/14
  3359 | D:4      | Found a transporter.
  3374 | D:4      | Noticed taoistronin's ghost (amateur MiBe)
  3525 | D:4      | Found a transporter.
  3711 | D:4      | Killed Duvessa
  3711 | D:4      | Reached skill level 5 in Spellcasting
  3711 | D:4      | Reached skill level 5 in Conjurations
  3711 | D:4      | Reached XP level 7. HP: 28/36 MP: 12/16
  3809 | D:4      | Killed Dowan
  4039 | D:4      | Found a hide-covered altar of Uskayaw.
  4100 | D:5      | Entered Level 5 of the Dungeon
  4107 | D:5      | Learned a level 5 spell: Fireball
  4246 | D:5      | Reached skill level 1 in Fighting
  4838 | D:5      | Found a stormy altar of Qazlal.
  4841 | D:5      | Found a shimmering altar of Xom.
  4844 | D:5      | Found a hazy altar of Hepliaklqana.
  4858 | D:5      | Found a basalt altar of Yredelemnul.
  5184 | D:5      | Reached XP level 8. HP: 37/46 MP: 5/17
  5909 | D:6      | Reached skill level 5 in Fighting
  6180 | D:6      | Noticed Grinder
  6251 | D:6      | Paralysed by Grinder for 2 turns
  6257 | D:6      | Killed Grinder
  6257 | D:6      | Reached skill level 5 in Dodging
  6301 | D:6      | Got a bloodstained leather armour
  6505 | D:6      | Found a staircase to the Ecumenical Temple.
  6529 | Temple   | Entered the Ecumenical Temple
  6551 | Temple   | Became a worshipper of Vehumet
  6877 | D:6      | Reached XP level 9. HP: 54/54 MP: 11/18
  7108 | D:6      | Found a sparkling altar of Nemelex Xobeh.
  7221 | D:6      | Identified the +3 leather armour of the Princess {rElec
                  | MP+9 Dex+2} (You found it on level 6 of the Dungeon)
  7342 | D:7      | Reached skill level 1 in Armour
  8020 | D:7      | Reached * piety under Vehumet
  8020 | D:7      | Offered knowledge of Freeze by Vehumet.
  8379 | D:8      | Noticed a death yak
  8379 | D:8      | Noticed a death yak
  8425 | D:8      | Found Qoarph's Magic Scroll Shop.
  8435 | D:8      | Bought a scroll of random uselessness for 15 gold pieces
  8448 | D:8      | Reached skill level 5 in Armour
  8728 | D:8      | Noticed a death yak
  8773 | D:8      | Noticed Grum
  9149 | D:8      | Reached XP level 10. HP: 55/59 MP: 17/19
  9235 | D:8      | Reached ** piety under Vehumet
  9353 | D:8      | Found a staircase to the Lair.
  9427 | D:8      | Killed a death yak
  9427 | D:8      | Offered knowledge of Sting by Vehumet.
  9427 | D:8      | Reached skill level 10 in Conjurations
  9572 | D:8      | Killed Grum
  9833 | D:8      | Killed a death yak
 10147 | D:8      | Killed a death yak
 10550 | D:9      | Offered knowledge of Searing Ray by Vehumet.
 10608 | D:9      | Noticed a gargoyle
 10616 | D:9      | Killed a gargoyle
 10912 | D:9      | Reached *** piety under Vehumet
 11101 | D:9      | Reached XP level 11. HP: 62/66 MP: 20/20
 11289 | D:9      | Found a staircase to the Orcish Mines.
 11437 | D:10     | Entered Level 10 of the Dungeon
 11847 | D:10     | Noticed an unseen horror
 11852 | D:10     | Killed an unseen horror
 12114 | D:10     | Offered knowledge of Airstrike by Vehumet.
 12448 | D:10     | Noticed Maurice
 12499 | D:10     | Killed Maurice
 12865 | D:10     | Learned a level 4 spell: Airstrike
 13044 | D:10     | Reached **** piety under Vehumet
 13330 | Lair:1   | Entered Level 1 of the Lair of Beasts
 13728 | Lair:1   | Noticed a five-headed hydra
 13746 | Lair:1   | Killed a five-headed hydra
 13746 | Lair:1   | Reached skill level 10 in Fighting
 13769 | Lair:1   | Reached skill level 1 in Air Magic
 14405 | Lair:2   | Offered knowledge of Dazzling Spray by Vehumet.
 14500 | Lair:2   | Noticed a queen ant
 14718 | Lair:2   | Reached XP level 12. HP: 70/77 MP: 16/21
 14760 | Lair:2   | Killed a queen ant
 14760 | Lair:2   | Reached skill level 5 in Air Magic
 15276 | Lair:2   | Reached skill level 6 in Spellcasting
 15313 | Lair:2   | Reached skill level 7 in Spellcasting
 15432 | Lair:2   | Found a staircase to the Shoals.
 15501 | Lair:2   | Noticed a six-headed hydra
 15506 | Lair:2   | Killed a six-headed hydra
 15506 | Lair:2   | Reached skill level 8 in Spellcasting
 16038 | Lair:2   | Reached skill level 9 in Spellcasting
 16420 | Lair:3   | Reached skill level 10 in Spellcasting
 16606 | Lair:3   | Reached skill level 11 in Spellcasting
 16794 | Lair:3   | Found a staircase to the Snake Pit.
 16903 | Lair:3   | Noticed Urug
 16908 | Lair:3   | Killed Urug
 16908 | Lair:3   | Reached ***** piety under Vehumet
 16908 | Lair:3   | Reached skill level 12 in Spellcasting
 17063 | Lair:3   | Noticed Nergalle
 17068 | Lair:3   | Killed Nergalle
 17198 | Lair:3   | Offered knowledge of Poison Arrow by Vehumet.
 17206 | Lair:3   | Learned a level 6 spell: Poison Arrow
 18297 | Lair:4   | Reached skill level 13 in Spellcasting
 18656 | Lair:4   | Reached XP level 13. HP: 64/82 MP: 32/32
 18961 | Lair:4   | Reached skill level 14 in Spellcasting
 18979 | Lair:4   | Reached skill level 1 in Poison Magic
 19255 | Lair:4   | Reached skill level 5 in Poison Magic
 19987 | D:11     | Found a gate leading to a gauntlet.
 20068 | Gauntlet | Entered a Gauntlet
 20068 | Gauntlet | Found a transporter.
 20068 | Gauntlet | Found a transporter.
 20069 | Gauntlet | Found a transporter.
 20071 | Gauntlet | Found a transporter.
 20073 | Gauntlet | Found a transporter.
 20075 | Gauntlet | Found a transporter.
 20082 | Gauntlet | Found a transporter.
 20082 | Gauntlet | Found a transporter.
 20083 | Gauntlet | Found a transporter.
 20084 | Gauntlet | Found a transporter.
 20095 | Gauntlet | Found a transporter.
 20105 | Gauntlet | Found a transporter.
 20501 | Gauntlet | Identified Tevaw's Catalogue of Transmigration and
                  | Confrontation
 20766 | Gauntlet | Offered knowledge of Freezing Cloud by Vehumet.
 20791 | Gauntlet | Got a pitted ruby amulet
 20841 | Gauntlet | Noticed a minotaur
 20845 | Gauntlet | Killed a minotaur
 21025 | D:11     | Learned a level 5 spell: Bolt of Draining
 21482 | D:11     | Reached skill level 10 in Dodging
 21776 | D:11     | Reached skill level 5 in Stealth
 22185 | D:11     | Got a shimmering war axe
 22489 | D:12     | Identified the cursed +3 war axe of Understanding {chop,
                  | +Blink rElec rC+ rN+} (You found it on level 11 of the
                  | Dungeon)
 23134 | D:12     | Offered knowledge of Lee's Rapid Deconstruction by Vehumet.
 23298 | D:12     | Reached XP level 14. HP: 71/88 MP: 16/34
 24077 | D:13     | Reached skill level 1 in Shields
 24260 | D:13     | Noticed Snorg
 24263 | D:13     | Killed Snorg
 24667 | D:13     | Identified the amulet "Nosuhu" {RegenMP MR+} (You found it
                  | in a Gauntlet)
 24925 | D:13     | Reached skill level 10 in Stealth
 25001 | D:13     | Reached skill level 1 in Necromancy
 25360 | D:13     | Offered knowledge of Bolt of Cold by Vehumet.
 25659 | D:13     | Got a fine steel ring
 25705 | D:13     | Identified the amulet "Veirui" {Faith Str+8 Int+3}
 26109 | D:13     | Got an iridescent falchion
 26358 | D:14     | Reached skill level 5 in Necromancy
 26467 | D:14     | Reached skill level 15 in Spellcasting
 26606 | D:14     | Found a gate to the Vaults.
 26612 | D:14     | Identified the +0 falchion "Ilalat" {vamp, rC- Str-2 Int+8
                  | SInv} (You found it on level 13 of the Dungeon)
 27213 | D:14     | Identified the ring "Hiorakh" {Ice rElec Str+5 Dex+4
                  | Slay-2} (You found it on level 13 of the Dungeon)
 27392 | D:14     | Reached skill level 16 in Spellcasting
 27739 | D:15     | Entered Level 15 of the Dungeon
 27838 | D:15     | Learned a level 6 spell: Bolt of Cold
 28403 | D:15     | Reached XP level 15. HP: 92/92 MP: 37/37
 28618 | D:15     | Reached skill level 17 in Spellcasting
 28749 | D:15     | Offered knowledge of Bolt of Fire by Vehumet.
 28888 | D:15     | Found a staircase to the Depths.
 29000 | D:15     | Found a sacrificial altar of Ru.
 29489 | Shoals:1 | Entered Level 1 of the Shoals
 29694 | Shoals:1 | Reached skill level 1 in Ice Magic
 30188 | Shoals:1 | Got an ancient hand axe
 30189 | Shoals:1 | Identified the +9 hand axe of the Hero {antimagic, *Rage
                  | +Fly rF+++ Stlth+} (You found it on level 1 of the Shoals)
 30220 | Shoals:1 | Reached skill level 5 in Ice Magic
 33555 | Shoals:3 | Offered knowledge of Conjure Ball Lightning by Vehumet.
 33945 | Shoals:3 | Reached skill level 10 in Air Magic
 34045 | Shoals:3 | Noticed Polyphemus
 34051 | Shoals:3 | Killed Polyphemus
 34264 | Shoals:3 | Reached XP level 16. HP: 97/97 MP: 39/39
 35102 | Shoals:4 | Entered Level 4 of the Shoals
 35485 | Shoals:4 | Reached skill level 10 in Fire Magic
 35641 | Shoals:4 | Reached skill level 18 in Spellcasting
 36000 | Shoals:4 | Offered knowledge of Ozocubu's Refrigeration by Vehumet.
 36307 | Shoals:4 | Found Xadwas's Weapon Shop.
 36690 | Shoals:4 | Got a faintly glowing halberd
 36805 | Shoals:4 | Reached skill level 19 in Spellcasting
 37170 | Shoals:4 | Got a barnacled rune of Zot
 37772 | Snake:1  | Entered Level 1 of the Snake Pit
 37855 | Snake:1  | Found Yfaatohu's Weapon Shoppe.
 37884 | Snake:1  | Reached skill level 20 in Spellcasting
 38569 | Snake:1  | You fall into a shaft and drop 1 floor!
 39635 | Snake:2  | Reached XP level 17. HP: 93/104 MP: 34/43
 39751 | Snake:2  | Found Reyf's General Store.
 39759 | Snake:2  | Bought a potion of haste for 210 gold pieces
 40812 | Snake:3  | Found a bloodstained altar of Trog.
 42312 | Snake:4  | Entered Level 4 of the Snake Pit
 42496 | Snake:4  | Noticed Bai Suzhen
 42551 | Snake:4  | Noticed Aizul
 42559 | Snake:4  | Killed Aizul
 43261 | Snake:4  | Noticed Vashnia
 44918 | Snake:4  | Reached ****** piety under Vehumet
 45599 | Snake:4  | Found a shimmering blue altar of Sif Muna.
 45625 | Snake:4  | Killed Bai Suzhen
 46499 | Snake:4  | Killed Vashnia
 47137 | Snake:4  | Reached XP level 18. HP: 117/117 MP: 29/44
 48056 | Snake:4  | Offered knowledge of Fire Storm by Vehumet.
 48056 | Snake:4  | Offered knowledge of Glaciate by Vehumet.
 48056 | Snake:4  | Offered knowledge of Chain Lightning by Vehumet.
 48353 | Snake:4  | Reached skill level 15 in Fighting
 48774 | Snake:4  | Got a serpentine rune of Zot
 49285 | Orc:1    | Entered Level 1 of the Orcish Mines
 49286 | Orc:1    | Found Zeahog's Antique Weapon Boutique.
 49455 | Orc:1    | Found a roughly hewn altar of Beogh.
 49621 | Orc:2    | Entered Level 2 of the Orcish Mines
 50023 | Orc:2    | Found Vehouxa's Antique Armour Shop.
 50846 | Orc:2    | Found a staircase to the Elven Halls.
 50852 | Orc:2    | Found Mireobb's General Store.
 50860 | Orc:2    | Bought a potion of magic for 96 gold pieces
 50860 | Orc:2    | Bought a scroll of amnesia for 42 gold pieces
 50899 | Orc:2    | Found Zumamo's Antique Weapon Emporium.
 51046 | Orc:2    | Found Jemous's Assorted Antiques.
 51046 | Orc:2    | Found Xinoz's Armour Shoppe.
 51048 | Orc:2    | Found Gown's Antique Weapon Emporium.
 51050 | Orc:2    | Found Buenek's Armour Shop.
 51062 | Orc:2    | Bought a +0 helmet of see invisible for 172 gold pieces
 51069 | Orc:2    | Bought a curved runed staff for 348 gold pieces
 51069 | Orc:2    | Bought a potion of haste for 290 gold pieces
 51113 | Orc:2    | Learned a level 9 spell: Glaciate
 51339 | Elf:1    | Entered Level 1 of the Elven Halls
 52427 | Elf:1    | Noticed Donald
 52432 | Elf:1    | Killed Donald
 53165 | Elf:2    | Reached skill level 15 in Conjurations
 53485 | Elf:2    | HP: 3/178 [+3 glaive of flaming (16)]
 53485 | Elf:2    | Slain by a +3 glaive of flaming

Levels and vault maps discovered:
D:1:      lightli_arrival_statue_moat, layout_loops_ring,
          corexii_item_surrounded_by_moat
D:2:      layout_loops_cross, serial_bayou_pond_c
D:3:      layout_basic, uniq_natasha, uniq_crazy_yiuf_cottage
D:4:      layout_cave_pools, dancing_weapons_uskayaw, first_ration,
          gammafunk_ghost_gnarly_gnolls, uniq_duvessa
D:5:      minmay_razor_zed, layout_basic, grunt_temple_overflow_cloverleaf
D:6:      layout_rooms, minmay_temple_entry_grid, serial_rivers,
          chequers_serial_rivers_micro_d, chequers_serial_rivers_large_b,
          chequers_serial_rivers_micro_b, chequers_serial_rivers_micro_c,
          chequers_serial_rivers_micro_c, basic_altar,
          hangedman_abyss_or_decor_slice, uniq_grinder
D:7:      layout_cave_pods, serial_column_ruins, column_ruins_hut,
          column_ruins_hut, column_ruins_grid_1, column_ruins_open_small,
          column_ruins_open_small, column_ruins_columns_straight,
          column_ruins_open_small
D:8:      layout_loops_cross, dpeg_lair_monsters, serial_shops,
          nicolae_shop_behind_doors, uniq_grum
D:9:      layout_roguey, orc_0_dummy, hangedman_little_slice_of_home,
          hex_medium, minmay_misc_feat_rows
D:10:     old_forge, layout_basic, special_room [special_room_bee], uniq_maurice
D:11:     layout_stronghold, gauntlet_entry_generic, serial_undead,
          serial_undead_a, serial_undead_d, serial_undead_a, serial_undead_a,
          serial_undead_e, serial_undead_e, serial_undead_d, serial_undead_f,
          serial_undead_b, serial_undead_c
D:12:     layout_small_grid
D:13:     layout_roguey [special_room_orc], minmay_hollow_rounded_squares,
          uniq_snorg
D:14:     layout_gridville, david_vaults_3, evilmike_butchery
D:15:     grunt_enter_depths_magical_seal, layout_loops_ring, basic_altar,
          chequers_avenue
Temple:   minmay_crystal_spiral_temple
Lair:1:   layout_hall_layers, chequers_serial_rivers_room_a
Lair:2:   layout_cave_pods, elwin_shoals_entry_stream, minmay_another_anthill
Lair:3:   layout_cave_pods, guppyfry_snake_entry_garden, uniq_urug,
          uniq_nergalle
Lair:4:   layout_roguey, enter_volcano_4, wad_woods_road_02,
          infiniplex_staircase_pool, grunt_megastairs_3
Shoals:1: cheibrodos_shoals_baths, layout_shoals
Shoals:2: layout_shoals
Shoals:3: layout_shoals, nicolae_shoals_flooded_hall, uniq_polyphemus
Shoals:4: shoals_end_hangedman, layout_shoals, serial_shops,
          nicolae_shop_crystal, nicolae_shoals_stone_sculpture_thing,
          nicolae_shoals_aquamancer_cove
Snake:1:  layout_grid_maze, serial_shops, nicolae_shop_crystal,
          nicolae_snake_squiggles, statue_in_the_mist_lemuel, drop_trap
Snake:2:  layout_rooms, serial_shops, nicolae_shop_crystal
Snake:3:  layout_rooms, basic_altar
Snake:4:  grunt_snake_rune_pools, layout_cave_town, basic_altar, uniq_aizul,
          uniq_bai_suzhen, uniq_vashnia
Orc:1:    layout_caves, serial_shops, nicolae_shop_statue_plus, basic_altar
Orc:2:    st_orc_rangers, layout_diamond_mine, serial_shops,
          nicolae_shop_statue_plus, shop_fountains, nicolae_shop_waterfront
Elf:1:    layout_gridlike, hangedman_elf_disciples, uniq_donald
Elf:2:    layout_geoelf_octagon, serial_shops, shop, guppyfry_elf_castle

Skill      XL: |  1  2  3  4  5  6  7  8  9 10 11 12 13 14 15 16 17 18 |
---------------+-------------------------------------------------------+-----
Conjurations   | 2 3 4 5 6 7 9 12 15 | 15.5
Fire Magic     | 4 5 6 7 10 | 10.0
Spellcasting   | 4 5 13 14 16 17 20 | 20.0
Fighting       | 3 5 6 10 11 14 15 | 15.0
Dodging        | 5 10 | 10.0
Armour         | 5 |  5.1
Air Magic      | 4 6 10 | 10.0
Poison Magic   | 6 |  6.0
Stealth        | 8 10 | 10.0
Shields        | 4 |  4.2
Necromancy     | 5 |  5.0
Ice Magic      | 6 |  6.0

Action                   |  1- 3 |  4- 6 |  7- 9 | 10-12 | 13-15 | 16-18 || total
-------------------------+-------+-------+-------+-------+-------+-------++-------
Melee: Unarmed           |     4 |       |       |       |       |       ||     4
       Short sword       |     5 |    14 |       |       |       |       ||    19
       Hand axe          |       |    39 |     2 |       |       |       ||    41
       Rapier            |       |       |   106 |   128 |    23 |       ||   257
       War axe           |       |       |       |       |    72 |    31 ||   103
       Lajatang          |       |       |       |       |     2 |       ||     2
       Staff             |       |       |       |       |       |     1 ||     1
 Cast: Flame Tongue      |    89 |    54 |   259 |   306 |   146 |       ||   854
       Throw Flame       |       |     9 |    20 |    32 |   341 |   239 ||   641
       Sticky Flame      |       |     1 |    25 |   105 |   124 |    70 ||   325
       Conjure Flame     |       |       |     4 |     9 |     6 |     1 ||    20
       Fireball          |       |       |       |    69 |   111 |    80 ||   260
       Airstrike         |       |       |       |     5 |   119 |   188 ||   312
       Poison Arrow      |       |       |       |       |   111 |   385 ||   496
       Bolt of Draining  |       |       |       |       |     4 |     5 ||     9
       Bolt of Cold      |       |       |       |       |    10 |    69 ||    79
Evoke: Wand              |       |       |    12 |    18 |     1 |       ||    31
  Use: Scroll            |       |     1 |     9 |     7 |    11 |    19 ||    47
       Potion            |       |       |     1 |     5 |     1 |     9 ||    16
 Stab: Sleeping          |       |       |       |       |     1 |       ||     1
  Eat: Chunk             |     2 |     2 |    21 |    56 |    65 |    51 ||   197
       Ration            |       |     1 |     1 |     1 |       |     3 ||     6
Armor: Robe              |    14 |    11 |    44 |       |       |       ||    69
       Leather armour    |       |       |    16 |    77 |    84 |    55 ||   232
Dodge: Dodged            |    46 |    45 |   174 |   311 |   251 |   210 ||  1037
Block: Buckler           |       |       |       |       |    43 |    84 ||   127
